 Dungeon Crawl Stone Soup version 0.30-a0-765-g3161bf10a1 (webtiles) character file.

Game seed: 6345575771982137714

1309 Kenran the Grappler (level 8, 0/71 HPs)
             Began as an Armataur Fighter on Feb 12, 2023.
             Slain by a shadow (23 damage)
             ... on level 6 of the Dungeon.
             The game lasted 00:09:44 (3753 turns).

Kenran the Grappler (Armataur Fighter)              Turns: 3753, Time: 00:09:45

Health: 0/71       AC: 11    Str: 23    XL:     8   Next: 32%
Magic:  8/8        EV:  4    Int:  9    God:
Gold:   345        SH:  8    Dex: 10    Spells: 7/7 levels left

rFire   . . .      SeeInvis .      - Unarmed
rCold   + . .      Faith    .    f - +0 kite shield
rNeg    . . .      Spirit   .    g - +0 chain mail
rPois   .          Reflect  .    (no helmet)
rElec   .          Harm     .    (no cloak)
rCorr   .          Roll     +    q - +2 pair of gloves
Will    .....                    (no barding) Stlth
                                 (no amulet)
HPRegen 0.31/turn                a - ring of protection from cold
MPRegen 0.11/turn                (no ring)

@: no status effects
A: large, rugged brown scales 3, deformed body, armoured tail, roll, long
tongue, awkward tongue
a: no special abilities


You were on level 6 of the Dungeon.
You visited 1 branch of the dungeon, and saw 6 of its levels.

You collected 345 gold pieces.

Inventory:

Missiles
 d - 41 stones (quivered)
 e - 2 poisoned darts
Armour
 f - a +0 kite shield (worn)
 g - a +0 chain mail (worn)
 q - a +2 pair of gloves (worn)
Jewellery
 a - a ring of protection from cold (left hand)
Wands
 n - a wand of paralysis (14)
 r - a wand of iceblast (14)
Scrolls
 b - 2 scrolls of fear
 i - 3 scrolls of magic mapping
 k - a scroll of poison {!r}
 m - a scroll of amnesia
 s - a scroll of fog
 t - a scroll of silence {unknown}
 v - 2 scrolls of blinking
Potions
 c - 3 potions of might
 h - a potion of flight {unknown}
 j - 2 potions of curing {@q1}
 l - a potion of attraction {!q}
 o - a potion of heal wounds {unknown}
 p - 2 potions of mutation {unknown}
 u - a potion of brilliance {unknown}


   Skills:
 + Level 4.6 Fighting
 - Level 4.0 Armour
 - Level 3.2 Shields
 * Level 8.3 Unarmed Combat
 - Level 2.0 Evocations


You had 7 spell levels left.
You didn't know any spells.
Your spell library contained the following spells:

 Spells                   Type           Power      Damage    Failure   Level
 Blink                    Tloc           0%         N/A       100%        2
 Lesser Beckoning         Tloc           0%         N/A       100%        2
 Momentum Strike          Conj/Tloc      0%         3d8       100%        2
 Static Discharge         Conj/Air       0%         2-2/arc   100%        2
 Dazzling Flash           Conj/Hex       0%         N/A       100%        3
 Hailstorm                Conj/Ice       0%         3d3       100%        3
 Ignite Poison            Fire/Tmut/Pois 0%         N/A       100%        3
 Kindle Blastsparks       Fire/Tloc/Air  0%         2d10      100%        3
 Vhi's Electric Charge    Tloc/Air       0%         N/A       100%        3
 Ice Form                 Ice/Tmut       0%         N/A       100%        4
 Agony                    Necr           0%         N/A       100%        5
 Arcjolt                  Conj/Air       0%         1d10      100%        5
 Freezing Cloud           Conj/Ice/Air   0%         6-21      100%        5
 Lightning Bolt           Conj/Air       0%         1d11      100%        5
 Silence                  Hex/Air        0%         N/A       100%        5
 Simulacrum               Ice/Necr       0%         N/A       100%        6
 Malign Gateway           Summ/Tloc      0%         N/A       100%        7
 Summon Horrible Things   Summ           0%         N/A       100%        8


Dungeon Overview and Level Annotations

Branches:
Dungeon (6/15)
 Temple: D:4-7

Altars:
Ashenzari
Makhleb

Shops:
D:4 *   D:5 ?


Innate Abilities, Weirdness & Mutations

You are completely covered in rugged brown scales. (AC +3, +7% HP)
Armour fits poorly on your strangely shaped body.
You have a long armoured tail.
You roll when moving toward enemies. (Rampage)
Your long tongue fully drains potion bottles. (2x potion effects)
Your tongue gives you trouble enunciating. (1.5x scroll delay)


Message History

The orc wizard casts a spell at you.
The magic dart hits you but does no damage.
You punch the orc wizard!
You kill the orc wizard!
Things that are here:
a +0 dagger; a +0 robe; an orc corpse
Things that are here:
a +0 trident; an orc corpse You open the door.
There is an open door here.
You open the door.
Found 2 stones.
There is an open door here.
Found a stone staircase leading up.
A shadow comes into view.
Found a stone staircase leading down.
You see here 2 stones.
The shadow slips into darkness.
The shadow flickers and vanishes!
Deactivating autopickup; reactivate with Ctrl-A.
No target in view!
No target in view!
You hit something but do no damage.
The shadow strikes at you from the darkness!
Reactivating autopickup.
You punch the shadow!
The shadow is moderately damaged.
You hear the slow rusting of a drain nearby.
You block the shadow's attack.
You closely miss the shadow.
The shadow is moderately damaged.
The shadow hits you!
You hit the shadow but do no damage.
Your tail-slap misses the shadow.
The shadow is moderately damaged.
The shadow slips into darkness.
The shadow flickers and vanishes!
Deactivating autopickup; reactivate with Ctrl-A.
You hit something but do no damage.
The shadow strikes at you from the darkness!
You die...

#+### +...## #....+
#....# #.<.># #....
#{.# ###
####@.###..#
#..........#
#.(........#........
#..........+.......
#..........#.......
##....##...#.....#
#####'##...#.....+
#..........#.....#
#..........#.....#


There were no monsters in sight!

Vanquished Creatures
  A wyvern (D:5)
  Duvessa (D:4)
  A black bear (D:5)
  An ogre (D:5)
  A centaur (D:5)
  2 phantoms (D:5)
  A necrophage (D:5)
  Dowan (D:4)
  A howler monkey (D:5)
  3 hounds (D:5)
  2 orc priests
  2 jellies
  Ijyb (D:4)
  Natasha (thrice) (D:3)
  An orc wizard (D:6)
  3 gnolls (D:3)
  8 adders
  2 dart slugs
  13 orcs
  3 endoplasms
  2 giant cockroaches (D:1)
  4 hobgoblins
  2 jackals (D:2)
  4 quokkas
  6 ball pythons
  5 bats
  6 frilled lizards
  7 goblins
  7 kobolds
  5 rats
99 creatures vanquished.

Vanquished Creatures (others)
  A plant (D:4)
1 creature vanquished.

Grand Total: 100 creatures vanquished

Notes
Turn   | Place    | Note
-------+----------+-------------------------------------------
     0 | D:1      | Kenran the Armataur Fighter began the quest for the Orb.
     0 | D:1      | Reached XP level 1. HP: 19/19 MP: 1/1
    31 | D:1      | Reached skill level 2 in Unarmed Combat
   153 | D:1      | Reached XP level 2. HP: 26/26 MP: 2/2
   509 | D:1      | Reached skill level 3 in Unarmed Combat
   721 | D:2      | Reached XP level 3. HP: 31/33 MP: 3/3
  1371 | D:3      | Noticed Natasha
  1381 | D:3      | Killed Natasha
  1382 | D:3      | Reached XP level 4. HP: 14/40 MP: 4/4
  1582 | D:3      | Noticed Natasha
  1593 | D:3      | Killed Natasha
  1594 | D:3      | Reached skill level 4 in Unarmed Combat
  1641 | D:3      | HP: 1/40 [something (11)]
  1817 | D:3      | Reached XP level 5. HP: 48/48 MP: 5/5
  2177 | D:3      | Identified the +0 ring mail of Hopscotch {+Blink Slay+2}
  2228 | D:3      | Noticed Natasha
  2233 | D:3      | Killed Natasha
  2325 | D:4      | Noticed Ijyb
  2334 | D:4      | Killed Ijyb
  2335 | D:4      | Reached skill level 5 in Unarmed Combat
  2352 | D:4      | Noticed Duvessa
  2352 | D:4      | Noticed Dowan
  2363 | D:4      | Killed Duvessa
  2364 | D:4      | Reached XP level 6. HP: 45/54 MP: 6/6
  2371 | D:4      | Killed Dowan
  2372 | D:4      | Reached skill level 6 in Unarmed Combat
  2417 | D:4      | Found Kotz's Assorted Antiques.
  2644 | D:4      | Found a burning altar of Makhleb.
  2923 | D:5      | Entered Level 5 of the Dungeon
  3025 | D:5      | Reached XP level 7. HP: 50/60 MP: 7/7
  3110 | D:5      | Noticed a wyvern
  3121 | D:5      | Killed a wyvern
  3122 | D:5      | Reached skill level 7 in Unarmed Combat
  3175 | D:5      | Found a broken altar of Ashenzari.
  3242 | D:5      | Reached skill level 1 in Evocations
  3242 | D:5      | Reached XP level 8. HP: 35/70 MP: 8/8
  3474 | D:5      | Reached skill level 8 in Unarmed Combat
  3519 | D:5      | Found The Oracle's Delphic Readings.
  3753 | D:6      | Slain by a shadow

Illustrated notes

Levels and vault maps discovered:
D:1:      nicolae_arrival_somewhat_less_tricky_arrival, layout_rooms
D:2:      layout_basic
D:3:      layout_loops_ring, uniq_natasha
D:4:      layout_basic, amcnicky_altar_gilded, serial_shops, shop,
          serial_bayou_pond_c, uniq_duvessa, uniq_ijyb
D:5:      layout_rooms, cheibrodos_ashenzari_chains, nicolae_nh_oracle_at_delphi
D:6:      layout_gridville, minmay_temple_entry_offerings, portal_sewer_entry_f,
          kennysheep_generic_room_4

Skill      XL: |  1  2  3  4  5  6  7  8 |
---------------+-------------------------+-----
Unarmed Combat | 2 3 4 5 6 7 8 |  8.3
Fighting       | 3 4 |  4.6
Armour         | 4 |  4.0
Evocations     | 1 2 |  2.0
Shields        | |  3.2

Action                     |  1- 3 |  4- 6 |  7- 9 || total
---------------------------+-------+-------+-------++-------
  Melee: Unarmed           |   144 |   163 |    92 ||   399
         Tailslap          |     9 |    23 |    17 ||    49
  Throw: Stone             |     5 |     1 |       ||     6
    Use: Scroll            |     3 |     4 |     2 ||     9
         Potion            |       |     1 |     3 ||     4
 Armour: Scale mail        |    21 |       |       ||    21
         Chain mail        |    45 |    65 |    60 ||   170
  Dodge: Dodged            |    54 |    14 |    12 ||    80
  Block: Buckler           |    26 |     2 |       ||    28
         Kite shield       |       |    54 |    44 ||    98

Table legend: (Time is in decaauts)
 A = Elapsed time spent in this place.
 B = Non-inter-level travel time spent in this place.
 C = Inter-level travel time spent in this place.
 D = Time resting spent in this place.
 E = Time spent auto-exploring this place.
 F = Levels seen in this place.
 G = Mean time per level.
                   A        B        C        D        E       F      G
               +--------+--------+--------+--------+--------+-----+--------+
         Total |   3760 |   3659 |    101 |    524 |   1769 |   6 |  626.7 |
       Dungeon |   3760 |   3659 |    101 |    524 |   1769 |   6 |  626.7 |
               +--------+--------+--------+--------+--------+-----+--------+

Top non-repeatable levels by time:
     D:3: 870 daAuts
     D:2: 783 daAuts
     D:5: 781 daAuts
     D:1: 672 daAuts
     D:4: 600 daAuts
     D:6: 52 daAuts
